 Dungeon Crawl Stone Soup version 0.31-a0-441-g867994ef1c (webtiles) character file.

Game seed: 12802767716654534142

516 Newt the Skirmisher (level 7, 0/36 (44) HPs)
             Began as a Kobold Hunter on Aug 2, 2023.
             Was an Initiate of Hepliaklqana.
             Slain by Edmund
             ... wielding a +2 flail of draining
              (1 damage)
             ... on level 6 of the Dungeon.
             The game lasted 00:04:17 (4131 turns).

Newt the Skirmisher (Kobold Hunter)                 Turns: 4131, Time: 00:04:18

HP:   0/36 (44)     AC:  3    Str:  8    XL:     7   Next: 44%
MP:   7/7           EV: 14    Int: 10    God:    Hepliaklqana [......]
Gold: 99            SH:  0    Dex: 21    Spells: 6/6 levels left

rFire   . . .        a - +1 shortbow
rCold   . . .        (shield currently unavailable)
rNeg    . . .        c - +0 leather armour
rPois   .            (no helmet)
rElec   .            (no cloak)
rCorr   .            (no gloves)
SInv    .            (no boots)
Will    .....        (no amulet)
Stlth   +++          (no ring)
HPRegen 0.26/turn    (no ring)
MPRegen 0.10/turn

%: no passive effects
@: heavily drained
A: small, no large weapons, nightstalker 3
a: Renounce Religion


You were on level 6 of the Dungeon.
You worshipped Hepliaklqana.
Hepliaklqana was noncommittal.
You visited 2 branches of the dungeon, and saw 7 of its levels.

You collected 203 gold pieces.
You spent 104 gold pieces at shops.

Inventory:

Hand Weapons
 a - a +1 shortbow (weapon)
Armour
 c - a +0 leather armour (worn)
 m - a +1 chain mail of cold resistance
Wands
 d - a wand of flame (21)
 p - a wand of paralysis (7)
Scrolls
 b - a scroll of butterflies
 g - 2 scrolls of torment
 h - a scroll of poison
 l - 3 scrolls of fear
 r - a scroll of noise
Potions
 e - 3 potions of heal wounds
 f - a potion of enlightenment
 i - a potion of resistance
 j - 2 potions of degeneration
 k - a potion of cancellation
 n - 2 potions of curing
 o - a potion of ambrosia {unknown}
 q - a potion of berserk rage {unknown}


   Skills:
 - Level 5.0 Fighting
 + Level 9.6 Ranged Weapons
 - Level 2.4 Dodging
 - Level 1.3 Stealth


You had 6 spell levels left.
You didn't know any spells.
Your spell library contained the following spells:

 Spells                   Type           Power      Damage    Failure   Level
 Magic Dart               Conj           0%         1d3       50%         1
 Sandblast                Erth           0%         2d4       50%         1
 Passwall                 Tmut/Erth      0%         N/A       63%         2
 Searing Ray              Conj           0%         2d4       63%         2
 Stone Arrow              Conj/Erth      0%         3d7       86%         3
 Vhi's Electric Charge    Tloc/Air       0%         N/A       86%         3
 Fulminant Prism          Conj/Hex       0%         3d5       99%         4
 Arcjolt                  Conj/Air       0%         1d10      100%        5
 Maxwell's Capacitive Co  Air            0%         ∞         100%        8


Dungeon Overview and Level Annotations

Branches:
Dungeon (6/15)             Temple (1/1) D:4

Altars:
Ashenzari
Cheibriados
Dithmenos
Elyvilon
Fedhas
Gozag
Hepliaklqana
Makhleb
Nemelex Xobeh
Qazlal
Ru
Trog
Uskayaw
Vehumet
Wu Jian
Xom
Zin
The Shining One

Shops:
D:2 [   D:3 [   D:4 *

Annotations:
D:5 Grinder
D:6 Edmund


Innate Abilities, Weirdness & Mutations

You are small and have problems with some larger weapons.
You are completely attuned to the shadows.


Message History

You shoot an arrow.
The arrow hits Edmund but does no damage.
Edmund is heavily wounded.
You shoot an arrow. The arrow hits Edmund.
Edmund is heavily wounded.
You shoot an arrow. The arrow hits Edmund.
Edmund is severely wounded.
The bullfrog hits you.
* * * LOW HITPOINT WARNING * * *
You shoot an arrow.
The arrow hits Edmund but does no damage.
Edmund is severely wounded.
The bullfrog closely misses you. x2
You shoot an arrow. The arrow hits Edmund.
Edmund is severely wounded.
The bullfrog closely misses you.
You shoot an arrow. The arrow hits Edmund.
Edmund is severely wounded.
Edmund is no longer paralysed.
The bullfrog misses you. Edmund barely misses you.
The bullfrog barely misses you.
You shoot an arrow. The arrow hits Edmund.
Edmund is almost dead.
The bullfrog hits you.
* * * LOW HITPOINT WARNING * * *
Edmund misses you.
Aiming: Paralyse
Press: ? - help, Shift-Dir - straight line, f/p - Edmund
Aim: Edmund, wielding a +2 flail of draining and wearing a +0 chain mail (almost dead, chance to affect: 49%) Edmund resists with some effort.
The bullfrog hits you.
* * * LOW HITPOINT WARNING * * *
Edmund hits you with a +2 flail of draining.
* * * LOW HITPOINT WARNING * * *
You feel drained.
You feel much better.
The bullfrog hits you. x2; Edmund closely misses you.
You shoot an arrow. The arrow closely misses Edmund.
The bullfrog hits you. The bullfrog hits you!
Edmund hits you with a +2 flail of draining!
* * * LOW HITPOINT WARNING * * *
You feel drained.
You die...

#. #...# #.## ...
###...### #.##
#..###.).....# #.##
..............# #.#
.#..#..........# #.#
.!......###...### #.#
....#.#.# #...# #.#
._......####.######.#
....#@#.#...........#
....F@..####.########
#.#..#........
.......####.##
.#!#..#.# #.[ ......


You could see Edmund and a bullfrog.

Vanquished Creatures
  Menkaure (D:4)
  An ogre (D:5)
  A scorpion (D:4)
  2 hounds
  A sleepcap (D:6)
  2 orc wizards (D:3)
  2 adders
  A worm (D:3)
  4 dart slugs
  7 orcs
  7 endoplasms
  4 goblins
  7 hobgoblins
  7 jackals
  7 quokkas
  8 ball pythons
  6 bats
  13 frilled lizards
  4 kobolds
  4 rats
89 creatures vanquished.

Notes
Turn   | Place    | Note
-------+----------+-------------------------------------------
     0 | D:1      | Newt the Kobold Hunter began the quest for the Orb.
     0 | D:1      | Reached XP level 1. HP: 12/12 MP: 1/1
    91 | D:1      | Reached XP level 2. HP: 18/18 MP: 2/2
   265 | D:1      | Reached XP level 3. HP: 17/23 MP: 3/3
  1014 | D:2      | Found a hide-covered altar of Uskayaw.
  1176 | D:2      | Found a faded altar of an unknown god.
  1229 | D:2      | Reached XP level 4. HP: 30/30 MP: 4/4
  1407 | D:2      | Found Lemayc's Antique Armour Shoppe.
  1952 | D:3      | Found Odoifabo's Armour Emporium.
  1979 | D:3      | Reached skill level 5 in Fighting
  1979 | D:3      | Reached XP level 5. HP: 12/35 MP: 5/5
  1985 | D:3      | HP: 1/35 [something (3)]
  1987 | D:3      | Reached skill level 6 in Ranged Weapons
  2426 | D:4      | Found a shadowy altar of Dithmenos.
  2795 | D:4      | Noticed Menkaure
  2800 | D:4      | Killed Menkaure
  2801 | D:4      | Reached skill level 7 in Ranged Weapons
  2801 | D:4      | Reached XP level 6. HP: 40/40 MP: 6/6
  2829 | D:4      | Reached skill level 8 in Ranged Weapons
  2972 | D:4      | Found a staircase to the Ecumenical Temple.
  3029 | Temple   | Entered the Ecumenical Temple
  3034 | Temple   | Became a worshipper of Hepliaklqana the Forgotten
  3207 | D:4      | Found Pennat's General Store.
  3212 | D:4      | Bought a scroll of enchant weapon for 82 gold pieces
  3212 | D:4      | Bought a scroll of identify for 22 gold pieces
  3320 | D:4      | Found a bloodstained altar of Trog.
  3541 | D:5      | Entered Level 5 of the Dungeon
  3546 | D:5      | Reached XP level 7. HP: 44/44 MP: 7/7
  3555 | D:5      | Reached skill level 9 in Ranged Weapons
  3625 | D:5      | Noticed Grinder
  4104 | D:6      | Found a radiant altar of Vehumet.
  4105 | D:6      | Noticed Edmund
  4128 | D:6      | HP: 1/38 [Edmund/+2 flail of draining (3)]
  4131 | D:6      | Slain by Edmund

Illustrated notes

Levels and vault maps discovered:
D:1:      shiori_arrival_elements, layout_loops_cross, st_stairs_13,
          minmay_misc_feat_five, minmay_lizard_pond
D:2:      layout_loops_ring, serial_shops, nicolae_shop_dealshenge, basic_altar,
          shapermc_ecumenical_altar_starsandcircs, minmay_split_cup_small
D:3:      layout_rooms, serial_shops, shop
D:4:      layout_cave_pools, nicolae_dithmenos_the_darkroom,
          mainiacjoe_overflow_brackets, minmay_temple_entry_grid, serial_bayou,
          serial_bayou_crossing, serial_bayou_shore_b, serial_bayou_shore_a,
          serial_bayou_pond_a, serial_shops, nicolae_stop_n_shop_1,
          minmay_crystal_room, minmay_cupped, uniq_menkaure
D:5:      layout_gridville, nicolae_underground_beach, uniq_grinder
D:6:      layout_loops_ring, nicolae_vehumet_radiance,
          mainiacjoe_overflow_swirl, uniq_edmund, uniq_sigmund, uniq_maggie
Temple:   minmay_freezing_vapour_temple

Skill      XL: |  1  2  3  4  5  6  7 |
---------------+----------------------+-----
Fighting       | 3 4 5 |  5.0
Ranged Weapons | 7 8 9 |  9.6
Dodging        | |  2.4
Stealth        | |  1.3

Action                     |  1- 3 |  4- 6 |  7- 9 || total
---------------------------+-------+-------+-------++-------
   Fire: Shortbow          |    98 |   132 |    59 ||   289
  Evoke: Wand              |       |     2 |     6 ||     8
    Use: Scroll            |     7 |     3 |       ||    10
         Potion            |     1 |     2 |     1 ||     4
 Armour: Leather armour    |    14 |     7 |     2 ||    23
  Dodge: Dodged            |    54 |    32 |    33 ||   119

Table legend: (Time is in decaauts)
 A = Elapsed time spent in this place.
 B = Non-inter-level travel time spent in this place.
 C = Inter-level travel time spent in this place.
 D = Time resting spent in this place.
 E = Time spent auto-exploring this place.
 F = Levels seen in this place.
 G = Mean time per level.
                   A        B        C        D        E       F      G
               +--------+--------+--------+--------+--------+-----+--------+
         Total |   4194 |   4089 |    105 |    844 |   2735 |   7 |  599.1 |
       Dungeon |   4183 |   4084 |     99 |    844 |   2735 |   6 |  697.2 |
        Temple |     10 |      5 |      5 |      0 |      0 |   1 |   10.0 |
               +--------+--------+--------+--------+--------+-----+--------+

Top non-repeatable levels by time:
     D:4: 1145 daAuts
     D:3: 833 daAuts
     D:2: 811 daAuts
     D:1: 803 daAuts
     D:6: 485 daAuts
     D:5: 104 daAuts
  Temple: 10 daAuts
